 Dungeon Crawl Stone Soup version 0.30-a0-1123-gabc949cf19 (webtiles) character file.

Game seed: 8862067405390769989

399 Zeldest the Ruffian (level 6, -3/62 HPs)
             Began as a Troll Delver on Apr 22, 2023.
             Engulfed by a cloud of freezing vapour (22 damage)
             ... on level 5 of the Dungeon.
             The game lasted 00:05:16 (1234 turns).

Zeldest the Ruffian (Troll Delver)                  Turns: 1234, Time: 00:05:17

Health: -3/62      AC:  4    Str: 21    XL:     6   Next: 54%
Magic:  5/5        EV:  9    Int:  8    God:
Gold:   158        SH:  0    Dex: 11    Spells: 5/5 levels left

rFire   . .          .
                       - Unarmed
rCold   . . .        (no shield)
rNeg    . . .        a - +0 robe
rPois   .            (helmet restricted)
rElec   .            (no cloak)
rCorr   .            (gloves unavailable)
SInv    .            (boots unavailable)
Will    .....        (no amulet)
Stlth   ++           (no ring)
HPRegen 1.10/turn    (no ring)
MPRegen 0.09/turn

%: no passive effects
@: no status effects
A: large, unfitting armour, claws 3, regeneration 1, shaggy fur 1, tough skin 1
a: no special abilities


You were on level 5 of the Dungeon.
You visited 1 branch of the dungeon, and saw 4 of its levels.
You also visited: Sewer.

You collected 158 gold pieces.

Inventory:

Missiles
 m - 2 throwing nets (quivered)
Armour
 a - a +0 robe (worn)
Wands
 f - a wand of digging (3)
 k - a wand of charming (10)
 u - a wand of polymorph (4)
Scrolls
 b - a scroll of fog
 c - a scroll of magic mapping
 d - a scroll of fear
 h - 3 scrolls of noise {unknown}
 j - 3 scrolls of silence {unknown}
 l - 4 scrolls of identify {unknown}
 r - 3 scrolls of amnesia {unknown}
 s - 2 scrolls of teleportation {unknown}
 t - a scroll of vulnerability {unknown}
 v - a scroll of enchant weapon {unknown}
Potions
 e - a potion of haste
 g - a potion of berserk rage {unknown}
 i - 2 potions of brilliance {unknown}
 n - 2 potions of cancellation {unknown}
 o - 2 potions of might {unknown}
 p - 2 potions of curing {unknown}
 q - 2 potions of heal wounds {unknown}


   Skills:
 + Level 4.0 Fighting
 - Level 1.5 Dodging
 - Level 2.7 Stealth
 * Level 5.9 Unarmed Combat


You had 5 spell levels left.
You didn't know any spells.
Your spell library contained the following spells:

 Spells                   Type           Power      Damage    Failure   Level
 Foxfire                  Conj/Fire      0%         2x1d4     41%         1
 Ozocubu's Armour         Ice            0%         N/A       78%         3
 Fireball                 Conj/Fire      0%         3d3       100%        5
 Plasma Beam              Fire/Air       0%         2x1d11    100%        6
 Starburst                Conj/Fire      0%         6d3       100%        6
 Ozocubu's Refrigeration  Ice            0%         4d7       100%        7


Dungeon Overview and Level Annotations

Branches:
Dungeon (5/15) Zot: 23010   Sewer (visited)
 Temple: D:4-7

Altars:

Shops:
D:4 (


Innate Abilities, Weirdness & Mutations

You are too large for most types of armour.
You have claws for hands.
Your natural rate of healing is unusually fast.
You are covered in fur. (AC +1)
You have tough skin. (AC +1)


Message History

The phantom barely misses you.
You scratch the phantom.
You destroy the phantom!
Your Fighting skill increases to level 4!
No target in view!
No target in view!
No target in view!
No target in view!
No target in view!
No target in view!
No target in view!
No target in view!
No target in view!
No target in view!
No target in view!
No target in view!
No target in view!
No target in view!
No target in view!
No target in view!
q - 2 fuming coppery potions (gained 1)
A quokka comes into view.
You see here a scroll labelled LOXOVUIRAZYO.
You see here 7 gold pieces.
You now have 158 gold pieces (gained 7).
The quokka bites you but does no damage.
The quokka bites you.
You claw the quokka!
You kill the quokka!
v - a scroll labelled LOXOVUIRAZYO
Found 62 gold pieces.
You open the door.
There is an open door here.
Really walk into a travel-excluded area?
You are engulfed in freezing vapours.
You are engulfed in freezing vapours.
You are engulfed in freezing vapours.
* * * LOW HITPOINT WARNING * * *
You are engulfed in freezing vapours.
You die...

#........ #.....#.#
#........ #.##....#
##################.#######
################...#
○○○○○○○○○$$$$$##.###
###############..#
○○○○○○○○○@○○..#.##
############'##.#
############....# ######


There were no monsters in sight!

Vanquished Creatures
  A phantom (D:5)
  2 hounds
  A jelly (D:5)
  An iguana (D:5)
  Ijyb (D:4)
  Natasha (D:4)
  3 gnolls (D:3)
  3 river rats (Sewer)
  7 adders
  2 dart slugs (D:4)
  2 orcs
  4 ball pythons
  An endoplasm (D:3)
  2 giant cockroaches (D:3)
  A hobgoblin (D:2)
  4 kobolds
  5 quokkas
  5 frilled lizards
  5 rats
51 creatures vanquished.

Notes
Turn   | Place    | Note
-------+----------+-------------------------------------------
     0 | D:5      | Zeldest the Troll Delver began the quest for the Orb.
     0 | D:5      | Reached XP level 1. HP: 22/22 MP: 0/0
     4 | D:5      | Noticed an iguana
    13 | D:5      | Killed an iguana
    14 | D:5      | Reached skill level 3 in Unarmed Combat
    14 | D:5      | Reached XP level 2. HP: 29/29 MP: 1/1
    27 | D:5      | Reached XP level 3. HP: 35/37 MP: 2/2
    68 | D:5      | Reached XP level 4. HP: 45/45 MP: 3/3
   119 | D:4      | Found Pedilua's Weapon Shop.
   255 | D:3      | Reached skill level 4 in Unarmed Combat
   381 | D:3      | Found a glowing drain.
   398 | D:3      | Reached XP level 5. HP: 41/53 MP: 4/4
   408 | Sewer    | Entered a sewer
   715 | D:3      | Reached skill level 5 in Unarmed Combat
   918 | D:4      | Noticed Ijyb
   943 | D:4      | Killed Ijyb
  1025 | D:4      | Noticed Natasha
  1040 | D:4      | Killed Natasha
  1041 | D:4      | Reached XP level 6. HP: 52/62 MP: 5/5
  1234 | D:5      | Engulfed by a cloud of freezing vapour

Illustrated notes

Levels and vault maps discovered:
D:2:      layout_basic, kennysheep_small_spiral, kennysheep_generic_room_2
D:3:      layout_loops_ring, gup_sewer_entry_glass
D:4:      layout_loops_ring, serial_shops, nicolae_take_the_stairs,
          serial_glass, glass_columns_a, glass_columns_b, due_unseen_surprise,
          minmay_joined_circles, uniq_natasha, uniq_ijyb
D:5:      lemuel_ice_spiral_2, layout_basic, minmay_temple_entry_gardened_gates,
          serial_glass, glass_columns_c, glass_columns_a, glass_columns_b,
          glass_columns_a, glass_columns_b, glass_columns_a, glass_columns_b,
          glass_columns_c, minmay_tree_intersection, uniq_duvessa

Skill      XL: |  1  2  3  4  5  6 |
---------------+-------------------+-----
Unarmed Combat | 3 4 5 |  5.9
Fighting       | 3 4 |  4.0
Dodging        | |  1.5
Stealth        | |  2.7

Action                     |  1- 3 |  4- 6 || total
---------------------------+-------+-------++-------
  Melee: Unarmed           |    19 |   150 ||   169
         Punch             |       |     2 ||     2
    Use: Potion            |       |     1 ||     1
   Stab: Sleeping          |     1 |     5 ||     6
 Armour: Robe              |     4 |    44 ||    48
  Dodge: Dodged            |    11 |    76 ||    87

Table legend: (Time is in decaauts)
 A = Elapsed time spent in this place.
 B = Non-inter-level travel time spent in this place.
 C = Inter-level travel time spent in this place.
 D = Time resting spent in this place.
 E = Time spent auto-exploring this place.
 F = Levels seen in this place.
 G = Mean time per level.
                   A        B        C        D        E       F      G
               +--------+--------+--------+--------+--------+-----+--------+
         Total |   1211 |   1190 |     21 |      0 |      0 |   5 |  242.2 |
       Dungeon |    989 |    968 |     21 |      0 |      0 |   4 |  247.2 |
         Sewer |    221 |    221 |      0 |      0 |      0 |   1 |  221.0 |
               +--------+--------+--------+--------+--------+-----+--------+

Top non-repeatable levels by time:
     D:4: 403 daAuts
     D:3: 352 daAuts
   Sewer: 221 daAuts
     D:5: 183 daAuts
     D:2: 49 daAuts
